Katsuo II, lawful male human Samurai --- --.--- |....--- -- --.....---- .... .......<.... .. - ------....- .... .--|^...| ..:G|...-- .(s.....-- .M%@I.--- .h..d.| .....- .... Katsuo II the Ninja Experience level: 8 Strength: 25 Dexterity: 13 Constitution: 18 Intelligence: 10 Wisdom: 7 Charisma: 10 Health: 0(70) Energy: 31(31) Def: 18 Gold: 0 Moves: 7538 Dungeon seed: 3UNOufkMCDlEDlR7 Game ID: Katsuo II_1513696579 Your Inventory: Weapons c - a blessed +0 yumi (alternate weapon; not wielded) d - 27 uncursed +0 ya (in quiver) i - 3 uncursed +0 arrows B - 8 uncursed +0 elven arrows D - 6 blessed +1 arrows G - 8 cursed -2 arrows L - an uncursed +0 katana (weapon in hand) Armor n - a blessed greased +0 silver dragon scale mail (being worn) q - an uncursed +0 pair of iron shoes (being worn) y - an uncursed greased +2 pair of gauntlets of power (being worn) N - an uncursed greased +0 cloak of displacement (being worn) U - an uncursed greased +2 orcish helm (being worn) Comestibles K - an uncursed tripe ration Scrolls H - an uncursed scroll of earth R - an uncursed scroll of teleportation Wands m - an uncursed wand of nothing named no message (0:2) r - an uncursed wand of cancellation (0:3) F - an uncursed wand of striking (0:7) O - an uncursed wand of fire (0:1) P - an uncursed wand of magic missile (0:6) Q - an uncursed wand of striking (0:5) T - an uncursed wand of digging (0:6) Tools a - an uncursed greased bag of holding l - an uncursed brass lantern (lit) (0:550) o - an uncursed skeleton key t - an uncursed tin whistle C - an uncursed tallow candle (0:200) J - an uncursed wax candle (0:400) Contents of the bag of holding: 733 gold pieces an uncursed +0 elven dagger an uncursed +0 long sword an uncursed +0 orcish dagger an uncursed +0 wakizashi an uncursed +0 cloak of invisibility a blessed +2 cornuthaum an uncursed +0 elven cloak an uncursed +0 elven leather helm 2 uncursed apples an uncursed carrot 3 uncursed eggs 8 uncursed gunyoki an uncursed pear 3 uncursed slime molds a blessed scroll of blank paper 3 uncursed scrolls of blank paper an uncursed scroll of earth 2 uncursed scrolls of enchant weapon a blessed scroll of identify 2 uncursed scrolls of identify a blessed scroll of teleportation an uncursed scroll of teleportation an uncursed potion of enlightenment a cursed potion of fruit juice a blessed potion of object detection an uncursed potion of polymorph an uncursed potion of water an uncursed ring of cold immunity an uncursed ring of conflict an uncursed ring of fire immunity a cursed ring of polymorph an uncursed ring of polymorph control an uncursed wand of create monster (0:5) an uncursed wand of digging (0:6) an uncursed wand of digging (0:5) an uncursed wand of fire (0:6) an uncursed wand of light (0:13) an uncursed wand of lightning (0:3) an uncursed wand of nothing (0:3) an uncursed wand of polymorph (0:4) an uncursed wand of probing (0:5) an uncursed wand of sleep (0:2) an uncursed wand of speed monster (0:3) a cursed wand of wishing named cursed (0:0) an uncursed blindfold an uncursed brass lantern (0:1106) an uncursed can of grease (0:1) an uncursed can of grease (0:0) an uncursed magic marker (0:38) an uncursed mirror an uncursed oil lamp (0:1289) an uncursed skeleton key a cursed tallow candle (0:200) 3 blessed greased opals an uncursed worthless piece of red glass Spells and supernatural/magical abilities: Spells marked with '*' are forgotten. Spells marked with '!' are maintained. Spells marked with '#' are aliased with 'castalias'. Name Level Category Fail Memory W - pray for help -- divine ? -- Your skills at the end: Fighting Skills martial arts [Basic] wands [Basic] Weapon Skills short sword [Basic] long sword [Expert] bow [Basic] Spellcasting Skills Final Attributes: You were displaced. You were fast. You had reflection. You last prayed 5926 turns ago. You are dead. Vanquished creatures: a mind flayer a giant mimic a wolf a mumak a giant spider a black light a gnome king a dwarf mummy an owlbear a Woodland-elf an imp 2 mountain nymphs a pony 2 fog clouds a shrieker 9 gnome lords 3 gnomish wizards a red naga hatchling a black naga hatchling a guardian naga hatchling a gray ooze a ghoul 2 straw golems a paper golem a baby crocodile 2 giant ants 3 little dogs 3 dwarves 2 homunculi a kobold lord 2 kobold shamans 4 hill orcs 4 rothes 2 centipedes 2 giant bats 3 monkeys a dwarf zombie 2 wererats 2 killer bees 2 acid blobs a coyote a gas spore 2 hobbits 3 manes a giant rat a yellow mold a green mold a red mold 38 gnomes 6 garter snakes 2 geckos 9 jackals 5 foxes 4 kobolds 9 goblins 9 sewer rats 16 grid bugs 2 bats 5 lichens a kobold zombie 13 newts 203 creatures vanquished. Voluntary challenges: You used a wielded weapon 199 times, starting on turn 2. You read items or engraved 4 times, starting on turn 4634. You never genocided any monsters. You never polymorphed an object. You never changed form. You used 1 wish, starting on turn 4842. You did not wish for any artifacts. You never split a pudding. You wrote Elbereth's name 3 times, starting on turn 7536. You never violated your personal moral code. Dungeon overview: The Dungeons of Doom: levels 1 to 6 Level 1 a long staircase Level 2 a wand shop, a vault Level 3 an armor shop, a fountain, a sink, a vault stairs to The Gnomish Mines Level 4 a fountain Level 5 many fountains Level 6 a sink, a vault stairs to Sokoban The Gnomish Mines: levels 4 to 9 Level 4 stairs to The Dungeons of Doom Level 5 Level 6 some shops, a temple to Raijin, some fountains Level 7 Level 8 Level 9 <- You were here Sokoban: levels 2 to 5 Level 2 Level 3 Level 4 Level 5 stairs to The Dungeons of Doom History has recorded: On T:1 you entered the Dungeons of Doom to retrieve the Amulet of Yendor! On T:385 you reached level 2 of The Dungeons of Doom. On T:567 you advanced to experience level 2. On T:1347 you advanced to experience level 3. On T:1389 you reached level 3 of The Dungeons of Doom. On T:1565 you reached level 4 of The Dungeons of Doom. On T:1852 you reached level 5 of The Dungeons of Doom. On T:1898 you reached level 6 of The Dungeons of Doom. On T:1991 you reached level 4 of Sokoban. On T:2301 you reached level 3 of Sokoban. On T:2335 you advanced to experience level 4. On T:2935 you advanced to experience level 5. On T:2957 you reached level 2 of Sokoban. On T:3314 you reached level 1 of Sokoban. On T:3599 you advanced to experience level 6. On T:4620 you reached level 1 of The Gnomish Mines. On T:4842 you wished for "blessed greased fixed +3 silver dragon scale mail". On T:4980 you advanced to experience level 7. On T:6090 you reached level 2 of The Gnomish Mines. On T:6345 you reached level 3 of The Gnomish Mines. On T:6895 you reached level 4 of The Gnomish Mines. On T:7213 you reached level 5 of The Gnomish Mines. On T:7511 you reached level 6 of The Gnomish Mines. On T:7529 you advanced to experience level 8. Score breakdown: Gold: 733 ( 9748 points) Experience: 8 levels (14739 points) Exploration: 9 levels ( 18.37%) (12247 points) Discoveries: 21 items ( 8.43%) ( 8712 points) Valuables value: (no points given unless you survive) Artifact value: 0 ( 0 points) Variety of kills: 61 monsters ( 16.05%) (12019 points) Turncount: 7538 turns (-1961 points) Survival: died (score multiplied by 80%) Total score: 44403 Latest messages: Please move the cursor to an unknown object. Done. You write in the dust with your fingers. The lizard turns to flee! The gnome turns to flee! The dwarf turns to flee! You miss the arch-lich. The gnome mummy misses. The arch-lich zaps a wand of striking! The wand hits you! The wand hits the gnome mummy! The wand hits it! You add to the writing in the dust with your fingers. (2x) The gnome mummy turns to flee! The giant spider turns to flee! The arch-lich turns to flee! The arch-lich zaps a wand of striking! The wand hits you! You die... For some reason, you think that you can almost hear the Wizard laugh manically... Final status: Sayonara Katsuo II the Samurai, killed by an arch-lich's wand... You died in The Gnomish Mines on dungeon level 9 with 44403 points, and 733 pieces of gold, after 7538 moves. You were level 8 with a maximum of 70 hit points when you died.